PCL
TEXARKANA BEARS @ CALGARY COWBOYS
08/31/2026
 
TOP OF THE 1ST
Lansing Lugnuts batting - Pitching for Calgary Cowboys : RHP Abraham Hes
Pitching: RHP Abraham Hes
Batting: RHB Kun Liu 0-0: Called Strike
0-1: Ball
1-1: Ball
2-1: Ball
3-1: Foul Ball, location: 2F
3-2: Base on Balls
Batting: RHB Wilson Gómez 0-0: Called Strike
0-1: Fly out, F3 (Popup, 3F)
Batting: LHB Tom Mullins 0-0: Ball
1-0: Foul Ball, location: 2F
Pickoff Throw to First - Out!
1-1: Ground out 6-3 (Groundball, 6)
Top of the 1st over - 0 run(s), 0 hit(s), 0 error(s), 0 left on base; Lansing 0 - Calgary 0
BOTTOM OF THE 1ST
Calgary Cowboys batting - Pitching for Lansing Lugnuts : LHP Juan Barrera
Pitching: LHP Juan Barrera
Batting: RHB Luis Peña 0-0: Ball
1-0: Ball
2-0: Swinging Strike
2-1: Fly out, F9 (Flyball, 89D)
Batting: LHB Freddy Herrera 0-0: Ball
1-0: Ball
2-0: Called Strike
2-1: Ball
3-1: Foul Ball, location: 2F
3-2: Base on Balls
Batting: RHB Clark Hodge 0-0: Ball
1-0: Ground out 3-1 (Groundball, 34S)
Freddy Herrera to second
Batting: LHB Miguel Pérez 0-0: Ground out 3-1 (Groundball, 34)
Bottom of the 1st over - 0 run(s), 0 hit(s), 0 error(s), 1 left on base; Lansing 0 - Calgary 0
TOP OF THE 2ND
Lansing Lugnuts batting - Pitching for Calgary Cowboys : RHP Abraham Hes
Batting: RHB Billy Campbell 0-0: Ball
1-0: Swinging Strike
1-1: Called Strike
1-2: Ball
2-2: Ball
3-2: Strikes out swinging
Batting: LHB Sam Barnes 0-0: Ball
1-0: Called Strike
1-1: Ball
2-1: Ball
3-1: Foul Ball, location: 2F
3-2: SINGLE (Groundball, 34D)
Batting: RHB Sadao Kimura 0-0: Foul Ball, location: 2F
0-1: Swinging Strike
0-2: Ball
1-2: Ball
2-2: Strikes out looking
Batting: RHB Lu-fang Huie 0-0: Swinging Strike
0-1: Ball
1-1: Swinging Strike
1-2: Ball
2-2: Ground out 5-3 (Groundball, 5)
Top of the 2nd over - 0 run(s), 1 hit(s), 0 error(s), 1 left on base; Lansing 0 - Calgary 0
BOTTOM OF THE 2ND
Calgary Cowboys batting - Pitching for Lansing Lugnuts : LHP Juan Barrera
Batting: RHB Ramón Martínez 0-0: Fly out, F9 (Popup, 3D)
Batting: RHB Dan Wyatt 0-0: Ball
1-0: Foul Ball, location: 2F
1-1: Foul Ball, location: 2F
1-2: Ball
2-2: Ball
3-2: Base on Balls
Batting: RHB Shayne Burry 0-0: Foul Ball, location: 2F
0-1: Ball
1-1: Ball
2-1: Ball
3-1: Grounds into double play, 5-4-3 (Groundball, 56)
Bottom of the 2nd over - 0 run(s), 0 hit(s), 0 error(s), 0 left on base; Lansing 0 - Calgary 0
TOP OF THE 3RD
Lansing Lugnuts batting - Pitching for Calgary Cowboys : RHP Abraham Hes
Batting: RHB Steve Garneys 0-0: Ground out 4-3 (Groundball, 4)
Batting: LHB Alberto Medine 0-0: Swinging Strike
0-1: Ball
1-1: Ball
2-1: Ball
3-1: Base on Balls
Batting: RHB Kun Liu 0-0: Ground out 3-1 (Groundball, 34S)
Alberto Medine to second
Batting: RHB Wilson Gómez 0-0: SINGLE (Flyball, 9LS)
Alberto Medine to third
Batting: LHB Tom Mullins 0-0: Ball
1-0: Foul Ball, location: 2F
1-1: Ground out 4-3 (Groundball, 4)
Top of the 3rd over - 0 run(s), 1 hit(s), 0 error(s), 2 left on base; Lansing 0 - Calgary 0
BOTTOM OF THE 3RD
Calgary Cowboys batting - Pitching for Lansing Lugnuts : LHP Juan Barrera
Batting: RHB Jesús Hernández 0-0: Called Strike
0-1: Foul Ball, location: 2F
0-2: Foul Ball, location: 2F
0-2: Ground out 5-3 (Groundball, 5)
Batting: RHB Iain Liefting 0-0: Ball
1-0: Ball
2-0: Ball
3-0: Base on Balls
Batting: RHB Luis Peña 0-0: Ball
1-0: Called Strike
1-1: Foul Ball, location: 2F
1-2: Fly out, F7 (Flyball, 78M)
Batting: LHB Freddy Herrera 0-0: Called Strike
0-1: Ball
1-1: Ball
2-1: Called Strike
2-2: Ground out 1-3 (Groundball, 15)
Bottom of the 3rd over - 0 run(s), 0 hit(s), 0 error(s), 1 left on base; Lansing 0 - Calgary 0
TOP OF THE 4TH
Lansing Lugnuts batting - Pitching for Calgary Cowboys : RHP Abraham Hes
Batting: RHB Billy Campbell 0-0: Foul Ball, location: 2F
0-1: Swinging Strike
0-2: Strikes out swinging
Batting: LHB Sam Barnes 0-0: Ball
1-0: Called Strike
1-1: Swinging Strike
1-2: Ground out 4-3 (Groundball, 4)
Batting: RHB Sadao Kimura 0-0: Ball
1-0: Foul Ball, location: 2F
1-1: Foul Ball, location: 2F
1-2: Fly out, F6 (Popup, 6MD)
Top of the 4th over - 0 run(s), 0 hit(s), 0 error(s), 0 left on base; Lansing 0 - Calgary 0
BOTTOM OF THE 4TH
Calgary Cowboys batting - Pitching for Lansing Lugnuts : LHP Juan Barrera
Batting: RHB Clark Hodge 0-0: Called Strike
0-1: Called Strike
0-2: SOLO HOME RUN (Line Drive, 7D), Distance : 401 ft
Batting: LHB Miguel Pérez 0-0: Called Strike
0-1: Called Strike
0-2: Foul Ball, location: 2F
0-2: Ground out 4-3 (Groundball, 34)
Batting: RHB Ramón Martínez 0-0: Called Strike
0-1: Ball
1-1: Foul Ball, location: 2F
1-2: Ball
2-2: Fly out, F9 (Flyball, 9D)
Batting: RHB Dan Wyatt 0-0: Foul Ball, location: 2F
0-1: Ground out 5-3 (Groundball, 56)
Bottom of the 4th over - 1 run(s), 1 hit(s), 0 error(s), 0 left on base; Lansing 0 - Calgary 1
TOP OF THE 5TH
Lansing Lugnuts batting - Pitching for Calgary Cowboys : RHP Abraham Hes
Batting: RHB Lu-fang Huie 0-0: Ball
1-0: Ball
2-0: Called Strike
2-1: Ball
3-1: Base on Balls
Batting: RHB Steve Garneys Pickoff Throw to First - Out!
0-0: Ball
1-0: Ball
2-0: Ground out 5-3 (Groundball, 5S)
Batting: LHB Alberto Medine 0-0: Fly out, F7 (Popup, 7S)
Top of the 5th over - 0 run(s), 0 hit(s), 0 error(s), 0 left on base; Lansing 0 - Calgary 1
BOTTOM OF THE 5TH
Calgary Cowboys batting - Pitching for Lansing Lugnuts : LHP Juan Barrera
Batting: RHB Shayne Burry 0-0: Ball
1-0: Ground out 5-3 (Groundball, 5)
Batting: RHB Jesús Hernández 0-0: Ball
1-0: Foul Ball, location: 2F
1-1: Called Strike
1-2: Ground out 4-3 (Groundball, 4S)
Batting: RHB Iain Liefting 0-0: Ball
1-0: Ground out 5-3 (Groundball, 56S)
Bottom of the 5th over - 0 run(s), 0 hit(s), 0 error(s), 0 left on base; Lansing 0 - Calgary 1
TOP OF THE 6TH
Lansing Lugnuts batting - Pitching for Calgary Cowboys : RHP Abraham Hes
Batting: RHB Kun Liu 0-0: Called Strike
0-1: Ball
1-1: Ball
2-1: Foul Ball, location: 2F
2-2: Ball
3-2: Foul Ball, location: 2F
3-2: Foul Ball, location: 2F
3-2: Foul Ball, location: 2F
3-2: Fly out, F7 (Flyball, 7M)
Batting: RHB Wilson Gómez 0-0: Ball
1-0: Called Strike
1-1: Fly out, F9 (Line Drive, 9M)
Batting: LHB Tom Mullins 0-0: Foul Ball, location: 2F
0-1: Called Strike
0-2: Ball
1-2: Foul Ball, location: 2F
1-2: DOUBLE (Line Drive, 7LS)
Batting: RHB Billy Campbell 0-0: Foul Ball, location: 2F
0-1: Ball
1-1: Ground out 4-3 (Groundball, 4M)
Top of the 6th over - 0 run(s), 1 hit(s), 0 error(s), 1 left on base; Lansing 0 - Calgary 1
BOTTOM OF THE 6TH
Calgary Cowboys batting - Pitching for Lansing Lugnuts : LHP Juan Barrera
Batting: RHB Luis Peña 0-0: Foul Ball, location: 2F
0-1: Ball
1-1: Ball
2-1: Ball
3-1: Foul Ball, location: 2F
3-2: Foul Ball, location: 2F
3-2: Foul Ball, location: 2F
3-2: Ground out 6-3 (Groundball, 56)
Batting: LHB Freddy Herrera 0-0: Called Strike
0-1: Bunt for hit - play at first, batter safe!
Batting: RHB Clark Hodge 0-0: Called Strike
0-1: Called Strike
0-2: Ball
1-2: Ball
2-2: Foul Ball, location: 2F
2-2: Foul Ball, location: 2F
2-2: Ball
3-2: Fielders Choice at 2nd, 6-4 (Groundball, 6)
Batting: LHB Miguel Pérez 0-0: Swinging Strike
0-1: Ball
1-1: Called Strike
1-2: Ball
2-2: Strikes out looking
Bottom of the 6th over - 0 run(s), 1 hit(s), 0 error(s), 1 left on base; Lansing 0 - Calgary 1
TOP OF THE 7TH
Lansing Lugnuts batting - Pitching for Calgary Cowboys : RHP Abraham Hes
Batting: LHB Sam Barnes 0-0: Ball
1-0: Swinging Strike
1-1: Ball
2-1: Foul Ball, location: 2F
2-2: Ground out 3-1 (Groundball, 34)
Batting: RHB Sadao Kimura 0-0: Ball
1-0: Ball
2-0: Ball
3-0: Base on Balls
Batting: RHB Lu-fang Huie 0-0: Called Strike
0-1: Ball
1-1: Ball
2-1: Called Strike
2-2: Foul Ball, location: 2F
2-2: Foul Ball, location: 2F
2-2: Ball
Sadao Kimura steals 2nd base
3-2: Base on Balls
Pitching: RHP Mitsunari Jouda
Batting: RHB Steve Garneys 0-0: Ball
Sadao Kimura is caught stealing 3rd base
Lu-fang Huie to second
1-0: Ball
2-0: Ground out 6-3 (Groundball, 6)
Top of the 7th over - 0 run(s), 0 hit(s), 0 error(s), 1 left on base; Lansing 0 - Calgary 1
BOTTOM OF THE 7TH
Calgary Cowboys batting - Pitching for Lansing Lugnuts : LHP Juan Barrera
Batting: RHB Ramón Martínez 0-0: DOUBLE (Line Drive, 78D)
Batting: RHB Dan Wyatt 0-0: Ground out 6-3 (Groundball, 6)
Batting: RHB Shayne Burry 0-0: Swinging Strike
0-1: Ground out 4-3 (Groundball, 4M)
Ramón Martínez to third
Batting: RHB Jesús Hernández 0-0: Ball
1-0: Ball
2-0: Called Strike
2-1: Foul Ball, location: 2F
2-2: Foul Ball, location: 2F
2-2: Foul Ball, location: 2F
2-2: Ground out 1-3 (Groundball, 23)
Bottom of the 7th over - 0 run(s), 1 hit(s), 0 error(s), 1 left on base; Lansing 0 - Calgary 1
TOP OF THE 8TH
Lansing Lugnuts batting - Pitching for Calgary Cowboys : RHP Mitsunari Jouda
Pitching: RHP Glen Brewer
Batting: LHB Alberto Medine 0-0: Ball
1-0: Called Strike
1-1: Ground out 4-3 (Groundball, 4)
Pitching: RHP Lorenzo Montáñez
Batting: RHB Kun Liu 0-0: Ball
1-0: Ball
2-0: Called Strike
2-1: Ball
3-1: SINGLE (Groundball, 56D)
Batting: RHB Wilson Gómez 0-0: Foul Ball, location: 2F
0-1: Ball
1-1: Ball
2-1: Foul Ball, location: 2F
2-2: Strikes out swinging
Batting: LHB Tom Mullins 0-0: Called Strike
0-1: Ball
1-1: Foul Ball, location: 2F
1-2: Strikes out swinging
Top of the 8th over - 0 run(s), 1 hit(s), 0 error(s), 1 left on base; Lansing 0 - Calgary 1
BOTTOM OF THE 8TH
Calgary Cowboys batting - Pitching for Lansing Lugnuts : LHP Juan Barrera
Pitching: RHP Asher Zasko
Batting: RHB Iain Liefting 0-0: Ball
1-0: Called Strike
1-1: Called Strike
1-2: Foul Ball, location: 2F
1-2: Ground out 4-3 (Groundball, 4)
Batting: RHB Luis Peña 0-0: Foul Ball, location: 2F
0-1: Ball
1-1: Fly out, F7 (Line Drive, 78D)
Batting: LHB Freddy Herrera 0-0: Ball
1-0: SINGLE (Groundball, 4MD)
Batting: RHB Clark Hodge 0-0: Ball
1-0: Fly out, F8 (Flyball, 89S)
Bottom of the 8th over - 0 run(s), 1 hit(s), 0 error(s), 1 left on base; Lansing 0 - Calgary 1
TOP OF THE 9TH
Lansing Lugnuts batting - Pitching for Calgary Cowboys : RHP Lorenzo Montáñez
Pitching: LHP Alfredo Durán
Batting: RHB Billy Campbell 0-0: Ball
1-0: Ball
2-0: SINGLE (Groundball, 56D)
Batting: LHB Sam Barnes 0-0: Ball
1-0: Called Strike
1-1: Ball
2-1: Ball
3-1: Fly out, F8 (Flyball, 8LXD)
Batting: RHB Sadao Kimura 0-0: Ball
1-0: Ball
2-0: Ball
3-0: Called Strike
3-1: Base on Balls
Billy Campbell to second
Batting: RHB Lu-fang Huie 0-0: Swinging Strike
0-1: Foul Ball, location: 2F
0-2: Foul Ball, location: 2F
0-2: Ball
1-2: Ball
2-2: Ball
3-2: SINGLE (Line Drive, 78S)
Billy Campbell to third
Sadao Kimura to second
Batting: RHB Steve Garneys 0-0: Ball
1-0: Foul Ball, location: 2F
1-1: Ball
2-1: Grounds into fielders choice 4-2 (Groundball, 34)
Sadao Kimura to third
Lu-fang Huie to second
Batting: LHB Alberto Medine 0-0: Called Strike
0-1: Foul Ball, location: 2F
0-2: Strikes out swinging
Top of the 9th over - 0 run(s), 2 hit(s), 0 error(s), 3 left on base; Lansing 0 - Calgary 1
Monday, December 5th, 2016 - OOTP Baseball 17.12 Build 75